cohdb
Replays
Latest Replays
All Replays
Popular Replays
Top Player Replays
Match Explorer
How It Works
Community
CoH3 Stats
Reddit
Sign in to upload your games and track your stats! →
Sign in with Steam
Match 42797826
Unlisted
Match 42797826
Overview
Messages
Build Orders
End
Panzergrenadier Squad
Selects Italian Infantry
Selects Italian Infantry
250 Light Carrier
Construct Light Support Kompanie
MG34 Team
Combat Half-tracks
Panzerjäger Squad
Panzerjäger Mechanized Group
Construct Mechanized Kompanie
254 Reconnaissance Tractor
Selects Guastatori Squad
Guastatori Squad
Support Armor Elements
Selects Defensive Operations
Pak 38 Mechanized Group
Frye
Metzger
Spectre
Rommel
0
0
Comments
sign in to comment!
No comments posted yet!